TOP OF THE 1ST |
Charlotte Knights batting - Pitching for Tacoma Rainiers : RHP Jake Underhill
|
Pitching: RHP Jake Underhill
|
|
Batting: RHB Ron Johansen
|
0-0: Ball 1-0: Called Strike 1-1: Foul Ball, location: 2F 1-2: SOLO HOME RUN (Flyball, 78XD, EV 105.0 MPH), Distance : 422 ft
|
Batting: LHB Joe Kirkland
|
0-0: Ball 1-0: Called Strike 1-1: Called Strike 1-2: Foul Ball, location: 2F 1-2: Ball 2-2: Foul Ball, location: 2F 2-2: Fly out, F7 (Flyball, 7D, EV 91.2 MPH)
|
Batting: RHB Fletcher Easter
|
0-0: Swinging Strike 0-1: Ball 1-1: Swinging Strike 1-2: Fly out, F3 (Popup, 3SF, EV 68.1 MPH)
|
Batting: RHB Vic Lucatero
|
0-0: Ball 1-0: Foul Ball, location: 2F 1-1: Foul Ball, location: 2F 1-2: Ball 2-2: Ground out 4-3 (Groundball, 34, EV 106.9 MPH)
|
Top of the 1st over - 1 run, 1 hit, 0 errors, 0 left on base; Charlotte 1 - Tacoma 0 |
BOTTOM OF THE 1ST |
Tacoma Rainiers batting - Pitching for Charlotte Knights : RHP Emilio Gonzalez
|
Pitching: RHP Emilio Gonzalez
|
|
Batting: RHB Brad Robidas
|
0-0: Called Strike 0-1: Swinging Strike 0-2: Strikes out swinging
|
Batting: RHB Enrique Valdez
|
0-0: Ball 1-0: Foul Ball, location: 2F 1-1: Foul Ball, location: 2F 1-2: SINGLE (Groundball, 6MD, EV 104.4 MPH)
|
Batting: LHB Josh Pittman
|
0-0: Called Strike 0-1: Fly out, F6 (Popup, 6M, EV 48.1 MPH)
|
Batting: RHB Rick Ellis
|
0-0: Ball 1-0: Ball Enrique Valdez steals 2nd base 2-0: Called Strike 2-1: Called Strike 2-2: Foul Ball, location: 2F 2-2: Ball 3-2: Foul Ball, location: 2F 3-2: Foul Ball, location: 2F 3-2: Foul Ball, location: 2F 3-2: Ground out 6-3 (Groundball, P, EV 80.6 MPH)
|
Bottom of the 1st over - 0 runs, 1 hit, 0 errors, 1 left on base; Charlotte 1 - Tacoma 0 |
TOP OF THE 2ND |
Charlotte Knights batting - Pitching for Tacoma Rainiers : RHP Jake Underhill
|
Batting: SHB Matt Childers
|
0-0: Called Strike 0-1: Swinging Strike 0-2: Strikes out swinging
|
Batting: LHB Adam Tarbutton
|
0-0: Ball 1-0: Foul Ball, location: 2F 1-1: Ball 2-1: Swinging Strike 2-2: Foul Ball, location: 2F 2-2: Ball 3-2: Ground out 5-3 (Groundball, 5, EV 85.0 MPH)
|
Batting: RHB Micah Brown
|
0-0: Ball 1-0: SINGLE (Flyball, 3D, EV 84.4 MPH)
|
Batting: RHB Kikuo Sato
|
0-0: Ball 1-0: Foul Ball, location: 2F 1-1: Fly out, F9 (Flyball, 9LDF, EV 80.0 MPH)
|
Top of the 2nd over - 0 runs, 1 hit, 0 errors, 1 left on base; Charlotte 1 - Tacoma 0 |
BOTTOM OF THE 2ND |
Tacoma Rainiers batting - Pitching for Charlotte Knights : RHP Emilio Gonzalez
|
Batting: RHB Josh Ruhl
|
0-0: Ball 1-0: Fly out, F8 (Flyball, 8LD, EV 104.4 MPH)
|
Batting: RHB Chris Olheiser
|
0-0: Ball 1-0: Called Strike 1-1: SINGLE (Groundball, 15S, EV 71.9 MPH) (infield hit)
|
Batting: RHB Zach Downs
|
0-0: Ball 1-0: Ball 2-0: Ball 3-0: Called Strike 3-1: Grounds into double play, 4-6-3 (Groundball, 34S, EV 87.5 MPH)
|
Bottom of the 2nd over - 0 runs, 1 hit, 0 errors, 0 left on base; Charlotte 1 - Tacoma 0 |
TOP OF THE 3RD |
Charlotte Knights batting - Pitching for Tacoma Rainiers : RHP Jake Underhill
|
Batting: RHB Steve Waltenbery
|
0-0: Called Strike 0-1: Foul Ball, location: 2F 0-2: SINGLE (Groundball, 56S, EV 66.2 MPH) (infield hit)
|
Batting: RHB Ron Johansen
|
0-0: Called Strike 0-1: Ball Steve Waltenbery steals 2nd base 1-1: Foul Ball, location: 2F 1-2: Ball 2-2: Foul Ball, location: 2F 2-2: Strikes out swinging
|
Batting: LHB Joe Kirkland
|
0-0: Called Strike 0-1: Fly out, F8 (Flyball, 78S, EV 75.0 MPH)
|
Batting: RHB Fletcher Easter
|
0-0: Ball 1-0: Foul Ball, location: 2F 1-1: Ball 2-1: Called Strike 2-2: Foul Ball, location: 2F 2-2: Strikes out swinging
|
Top of the 3rd over - 0 runs, 1 hit, 0 errors, 1 left on base; Charlotte 1 - Tacoma 0 |
BOTTOM OF THE 3RD |
Tacoma Rainiers batting - Pitching for Charlotte Knights : RHP Emilio Gonzalez
|
Batting: SHB Ray Skogen
|
0-0: Called Strike 0-1: Ball 1-1: Foul Ball, location: 2F 1-2: Ball 2-2: Ball 3-2: Foul Ball, location: 2F 3-2: Ground out 6-3 (Groundball, 4M, EV 110.6 MPH)
|
Batting: RHB Max Schellekens
|
0-0: Swinging Strike 0-1: Foul Ball, location: 2F 0-2: Ground out 4-3 (Groundball, 4M, EV 80.6 MPH)
|
Batting: RHB Brad Robidas
|
0-0: Swinging Strike 0-1: Ball 1-1: Called Strike 1-2: Strikes out looking
|
Bottom of the 3rd over - 0 runs, 0 hits, 0 errors, 0 left on base; Charlotte 1 - Tacoma 0 |
TOP OF THE 4TH |
Charlotte Knights batting - Pitching for Tacoma Rainiers : RHP Jake Underhill
|
Batting: RHB Vic Lucatero
|
0-0: Ball 1-0: Ball 2-0: Ball 3-0: Called Strike 3-1: Ground out 4-3 (Groundball, 34, EV 98.1 MPH)
|
Batting: SHB Matt Childers
|
0-0: Called Strike 0-1: Ball 1-1: Ground out U3 (Groundball, 3L, EV 90.6 MPH)
|
Batting: LHB Adam Tarbutton
|
0-0: Called Strike 0-1: Called Strike 0-2: SINGLE (Line Drive, 4MD, EV 99.4 MPH)
|
Batting: RHB Micah Brown
|
0-0: Ball Adam Tarbutton steals 2nd base 1-0: Foul Ball, location: 2F 1-1: Called Strike 1-2: Strikes out swinging
|
Top of the 4th over - 0 runs, 1 hit, 0 errors, 1 left on base; Charlotte 1 - Tacoma 0 |
BOTTOM OF THE 4TH |
Tacoma Rainiers batting - Pitching for Charlotte Knights : RHP Emilio Gonzalez
|
Batting: RHB Enrique Valdez
|
0-0: Ball 1-0: Foul Ball, location: 2F 1-1: Swinging Strike 1-2: Ball 2-2: Foul Ball, location: 2F 2-2: Foul Ball, location: 2F 2-2: Strikes out swinging
|
Batting: LHB Josh Pittman
|
0-0: Swinging Strike 0-1: Foul Ball, location: 2F 0-2: Ball 1-2: Strikes out swinging
|
Batting: RHB Rick Ellis
|
0-0: Foul Ball, location: 2F 0-1: Foul Ball, location: 2F 0-2: Ball 1-2: Foul Ball, location: 2F 1-2: Strikes out looking
|
Bottom of the 4th over - 0 runs, 0 hits, 0 errors, 0 left on base; Charlotte 1 - Tacoma 0 |
TOP OF THE 5TH |
Charlotte Knights batting - Pitching for Tacoma Rainiers : RHP Jake Underhill
|
Batting: RHB Kikuo Sato
|
0-0: Foul Ball, location: 2F 0-1: Ball 1-1: Foul Ball, location: 2F 1-2: Foul Ball, location: 2F 1-2: SINGLE (Flyball, 8LS, EV 85.0 MPH)
|
Batting: RHB Steve Waltenbery
|
0-0: Ball 1-0: Swinging Strike 1-1: SINGLE (Groundball, 13, EV 83.8 MPH) (infield hit) Kikuo Sato to second
|
Batting: RHB Ron Johansen
|
0-0: Fly out, F5 (Popup, 5S, EV 70.0 MPH)
|
Batting: LHB Joe Kirkland
|
0-0: Called Strike 0-1: Ball 1-1: Fly out, F9 (Line Drive, 9, EV 93.1 MPH)
|
Batting: RHB Fletcher Easter
|
0-0: Ball 1-0: Ball 2-0: Called Strike 2-1: Foul Ball, location: 2F 2-2: Strikes out swinging
|
Top of the 5th over - 0 runs, 2 hits, 0 errors, 2 left on base; Charlotte 1 - Tacoma 0 |
BOTTOM OF THE 5TH |
Tacoma Rainiers batting - Pitching for Charlotte Knights : RHP Emilio Gonzalez
|
Batting: RHB Josh Ruhl
|
0-0: Ball 1-0: Called Strike 1-1: Ground out 6-3 (Groundball, 6, EV 78.1 MPH)
|
Batting: RHB Chris Olheiser
|
0-0: Ball 1-0: Ball 2-0: Called Strike 2-1: SINGLE (Line Drive, 6D, EV 107.5 MPH)
|
Batting: RHB Zach Downs
|
0-0: Called Strike 0-1: Ball 1-1: Ball 2-1: DOUBLE (Groundball, 5L, EV 102.5 MPH) Chris Olheiser to third
|
Batting: SHB Ray Skogen
|
0-0: Ball 1-0: Ball 2-0: Ball 3-0: Called Strike 3-1: Base on Balls
|
Batting: RHB Max Schellekens
|
0-0: Foul Ball, location: 2F 0-1: Ball 1-1: Foul Ball, location: 2F 1-2: Strikes out swinging
|
Batting: RHB Brad Robidas
|
0-0: Ball 1-0: Called Strike 1-1: Ball 2-1: Ball 3-1: Called Strike 3-2: SINGLE (Groundball, 4S, EV 69.4 MPH) (infield hit) Chris Olheiser scores Zach Downs to third Ray Skogen to second
|
Batting: RHB Enrique Valdez
|
0-0: Ground out 5-3 (Groundball, 56S, EV 83.1 MPH)
|
Bottom of the 5th over - 1 run, 3 hits, 0 errors, 3 left on base; Charlotte 1 - Tacoma 1 |
TOP OF THE 6TH |
Charlotte Knights batting - Pitching for Tacoma Rainiers : RHP Jake Underhill
|
Batting: RHB Vic Lucatero
|
0-0: Called Strike 0-1: SOLO HOME RUN (Flyball, 7D, EV 100.6 MPH), Distance : 374 ft
|
Batting: SHB Matt Childers
|
0-0: Ball 1-0: Called Strike 1-1: Foul Ball, location: 2F 1-2: Strikes out swinging
|
Batting: LHB Adam Tarbutton
|
0-0: Called Strike 0-1: Called Strike 0-2: Ball 1-2: SINGLE (Groundball, 6MS, EV 65.0 MPH) (infield hit)
|
Batting: RHB Micah Brown
|
0-0: Ball 1-0: Ball Adam Tarbutton steals 2nd base 2-0: Called Strike 2-1: Ground out 5-3 (Groundball, 56S, EV 85.0 MPH)
|
Batting: RHB Kikuo Sato
|
0-0: Ball 1-0: Ground out 6-3 (Groundball, 6, EV 105.6 MPH)
|
Top of the 6th over - 1 run, 2 hits, 0 errors, 1 left on base; Charlotte 2 - Tacoma 1 |
BOTTOM OF THE 6TH |
Tacoma Rainiers batting - Pitching for Charlotte Knights : RHP Emilio Gonzalez
|
Batting: LHB Josh Pittman
|
0-0: Ball 1-0: Called Strike 1-1: Ball 2-1: Ball 3-1: Foul Ball, location: 2F 3-2: Base on Balls
|
Pitching: LHP Bobby Martin
|
|
Batting: RHB Rick Ellis
|
0-0: Called Strike 0-1: Ball 1-1: Called Strike 1-2: Foul Ball, location: 2F 1-2: Grounds into double play, 6-4-3 (Groundball, 6, EV 88.1 MPH)
|
Batting: RHB Josh Ruhl
|
0-0: Ball 1-0: Ball 2-0: Called Strike 2-1: Ground out 3-1 (Groundball, 34, EV 98.1 MPH)
|
Bottom of the 6th over - 0 runs, 0 hits, 0 errors, 0 left on base; Charlotte 2 - Tacoma 1 |
TOP OF THE 7TH |
Charlotte Knights batting - Pitching for Tacoma Rainiers : RHP Jake Underhill
|
Batting: RHB Steve Waltenbery
|
0-0: Ball 1-0: Ball 2-0: Called Strike 2-1: Called Strike 2-2: Strikes out swinging
|
Pitching: RHP David Lane
|
|
Batting: RHB Ron Johansen
|
0-0: Ball 1-0: Ball 2-0: Ball 3-0: Base on Balls
|
Batting: LHB Joe Kirkland
|
0-0: Ball Ron Johansen steals 2nd base (no throw) 1-0: Ball 2-0: Ball 3-0: Base on Balls
|
Batting: RHB Fletcher Easter
|
0-0: Ball 1-0: Grounds into double play, 6-4-3 (Groundball, 6, EV 87.5 MPH)
|
Top of the 7th over - 0 runs, 0 hits, 0 errors, 1 left on base; Charlotte 2 - Tacoma 1 |
BOTTOM OF THE 7TH |
Tacoma Rainiers batting - Pitching for Charlotte Knights : LHP Bobby Martin
|
Pitching: RHP Jesus Griego
|
|
Batting: RHB Chris Olheiser
|
0-0: Ball 1-0: Swinging Strike 1-1: Foul Ball, location: 2F 1-2: Ball 2-2: Strikes out looking
|
Batting: RHB Zach Downs
|
0-0: Ball 1-0: Swinging Strike 1-1: Swinging Strike 1-2: Ball 2-2: Ground out 4-3 (Groundball, 4, EV 105.0 MPH)
|
Batting: SHB Ray Skogen
|
0-0: Ball 1-0: Swinging Strike 1-1: Ball 2-1: Swinging Strike 2-2: SOLO HOME RUN (Flyball, 89XD, EV 100.0 MPH), Distance : 405 ft
|
Batting: RHB Max Schellekens
|
0-0: Ball 1-0: Ball 2-0: Called Strike 2-1: Ball 3-1: Base on Balls
|
Pitching: RHP Matt Peck
|
|
Batting: RHB Brad Robidas
|
0-0: Ball 1-0: Fielders Choice at 2nd, 6-4 (Groundball, 6, EV 80.0 MPH)
|
Bottom of the 7th over - 1 run, 1 hit, 0 errors, 1 left on base; Charlotte 2 - Tacoma 2 |
TOP OF THE 8TH |
Charlotte Knights batting - Pitching for Tacoma Rainiers : RHP David Lane
|
Batting: RHB Vic Lucatero
|
0-0: SINGLE (Groundball, 56D, EV 104.4 MPH)
|
Batting: SHB Matt Childers
|
0-0: Foul Ball, location: 2F 0-1: Foul Ball, location: 2F 0-2: Fly out, F9 (Flyball, 9LSF, EV 91.2 MPH)
|
Batting: LHB Adam Tarbutton
|
0-0: Foul Ball, location: 2F 0-1: Ball 1-1: Foul Ball, location: 2F 1-2: Strikes out swinging
|
Pinch Hitting: LHB Jason Bell
|
0-0: Ball 1-0: Called Strike 1-1: Foul Ball, location: 2F 1-2: Ball 2-2: Ground out U3 (Groundball, 3, EV 103.8 MPH)
|
Top of the 8th over - 0 runs, 1 hit, 0 errors, 1 left on base; Charlotte 2 - Tacoma 2 |
BOTTOM OF THE 8TH |
Tacoma Rainiers batting - Pitching for Charlotte Knights : RHP Matt Peck
|
Now at C: Ricardo Pagan
|
|
Pinch Hitting: LHB Ryan Lowe
|
0-0: Swinging Strike 0-1: Ball 1-1: Swinging Strike 1-2: DOUBLE (Line Drive, 3D, EV 99.4 MPH)
|
Batting: LHB Josh Pittman
|
0-0: Intentional Walk
|
Batting: RHB Rick Ellis
|
0-0: Grounds into double play, 5-4-3 (Groundball, 56, EV 78.1 MPH) Ryan Lowe to third
|
Batting: RHB Josh Ruhl
|
0-0: Called Strike 0-1: Swinging Strike 0-2: Ball 1-2: Ball Wild Pitch! Ryan Lowe scores 2-2: DOUBLE (Line Drive, 7LS, EV 101.9 MPH)
|
Batting: RHB Chris Olheiser
|
0-0: Called Strike 0-1: Ball 1-1: Ball 2-1: Foul Ball, location: 2F 2-2: Foul Ball, location: 2F 2-2: Fly out, F6 (Flyball, 56D, EV 83.8 MPH)
|
Bottom of the 8th over - 1 run, 2 hits, 0 errors, 1 left on base; Charlotte 2 - Tacoma 3 |
TOP OF THE 9TH |
Charlotte Knights batting - Pitching for Tacoma Rainiers : RHP David Lane
|
Pitching: LHP Adam Parrish
|
|
Now at 2B: Steve Martin
|
|
Now in LF: Kagetoki Kawai
|
|
Batting: RHB Kikuo Sato
|
0-0: Ball 1-0: Foul Ball, location: 2F 1-1: Ball 2-1: Called Strike 2-2: Foul Ball, location: 2F 2-2: Strikes out looking
|
Batting: RHB Steve Waltenbery
|
0-0: Foul Ball, location: 2F 0-1: Ball 1-1: Ball 2-1: Ball 3-1: Foul Ball, location: 2F 3-2: SINGLE (Groundball, P, EV 90.0 MPH) (infield hit)
|
Batting: RHB Ron Johansen
|
0-0: Ball 1-0: Swinging Strike 1-1: 2-RUN HOME RUN (Flyball, 7D, EV 96.2 MPH), Distance : 372 ft
|
Batting: RHB Jeremy Hoffert
|
0-0: Swinging Strike 0-1: Ball 1-1: Called Strike 1-2: Ball 2-2: Ball 3-2: Ground out 4-3 (Groundball, 4M, EV 81.9 MPH)
|
Batting: RHB Fletcher Easter
|
0-0: Foul Ball, location: 2F 0-1: Ball 1-1: Ball 2-1: Foul Ball, location: 2F 2-2: Ground out 6-3 (Groundball, 6, EV 88.1 MPH)
|
Top of the 9th over - 2 runs, 2 hits, 0 errors, 0 left on base; Charlotte 4 - Tacoma 3 |
BOTTOM OF THE 9TH |
Tacoma Rainiers batting - Pitching for Charlotte Knights : RHP Matt Peck
|
Pitching: LHP Steven Wolf
|
|
Now in RF: John Thurman
|
|
Batting: RHB Zach Downs
|
0-0: SINGLE (Groundball, 56D, EV 96.9 MPH)
|
Batting: SHB Ray Skogen
|
0-0: Ball 1-0: Called Strike 1-1: Swinging Strike 1-2: Strikes out swinging
|
Batting: RHB Max Schellekens
|
0-0: Ball 1-0: SINGLE (Line Drive, 89M, EV 108.1 MPH) Zach Downs to second
|
Batting: RHB Brad Robidas
|
0-0: Ball 1-0: Called Strike 1-1: Foul Ball, location: 2F 1-2: Foul Ball, location: 2F 1-2: Ball 2-2: Strikes out swinging
|
Batting: RHB Steve Martin
|
0-0: Ball 1-0: Called Strike 1-1: Ball 2-1: Foul Ball, location: 2F 2-2: Ball 3-2: Ground out U3 (Groundball, 34, EV 86.9 MPH)
|
Bottom of the 9th over - 0 runs, 2 hits, 0 errors, 2 left on base; Charlotte 4 - Tacoma 3 |
|